 Dungeon Sprint DCSS version 0.21.1-1-g345015f (webtiles) character file.

260028 wojtek the Axe Maniac (level 18, -5/200 HPs)
             Began as a Minotaur Berserker on Mar 4, 2018.
             Was a High Priest of Trog.
             Killed from afar by a hellion (29 damage)
             ... with damnation
             ... summoned by Ereshkigal
             ... in the Dungeon (Sprint III: "The Ten Rune Challenge").
             The game lasted 00:53:50 (16338 turns).

wojtek the Axe Maniac (Minotaur Berserker)         Turns: 16338, Time: 00:53:51

Health: -5/200     AC: 37    Str: 30    XL:     18   Next: 14%
Magic:  44/44      EV: 21    Int:  9    God:    Trog [*****.]
Gold:   3588       SH:  0    Dex: 13    Spells: 17/17 levels left

rFire    + + +     SeeInvis .   a - +13 battleaxe of Xiorydeq {freeze, rF+ rC+ Str+3}
rCold    + + .     Gourm    .   (shield currently unavailable)
rNeg     . . .     Faith    .   U - +0 gold dragon scales
rPois    +         Spirit   .   x - +3 hat of Pondering {ponderous, MR+ MP+10 Int+5}
rElec    +         Reflect  .   F - +0 cloak
rCorr    .         Harm     .   Q - +1 pair of gloves {archery}
MR       ++...     NoTele   +   S - +0 pair of boots
Stlth    ..........             Z - amulet of Bokyaca {RegenMP rElec Slay+2}
HPRegen  0.43/turn              V - ring of flight
MPRegen  0.54/turn              G - ring of protection from fire

@: studying Crossbows, slow
A: retaliatory headbutt, horns 2
}: 4/10 runes: serpentine, barnacled, silver, obsidian
a: Berserk, Trog's Hand, Brothers in Arms, Burn Spellbooks, Renounce Religion,
Evoke Flight


You were in the Dungeon.
You worshipped Trog.
Trog was extremely pleased with you.
You were not hungry.

You visited 1 branch You collected 4260 gold pieces.
You spent 672 gold pieces at shops.

Inventory:

Hand Weapons
 a - the +13 battleaxe of Xiorydeq (weapon) {freeze, rF+ rC+ Str+3}
   (Trog gifted it to you in the Dungeon)

   It has been specially enchanted to freeze those struck by it, causing extra
   injury to most foes and up to half again as much damage against particularly
   susceptible opponents.
   It can also slow down cold-blooded creatures.
   It affects your strength (+3).
   It protects you from fire.
   It protects you from cold.
 b - the +11 battleaxe of the Reaper {venom, MR+ Str+3}
   (Trog gifted it to you in the Dungeon)

   It poisons the flesh of those it strikes.
   It affects your strength (+3).
   It affects your resistance to hostile enchantments.
 t - a +2 vampiric battleaxe
 w - the +6 falchion "Duceryq" {slice, rElec rPois rN+ Str-5}
   (You found it in the Dungeon)

   It inflicts extra damage upon your enemies.
   It affects your strength (-5).
   It insulates you from electricity.
   It protects you from poison.
   It protects you from negative energy.
 B - a +9 blowgun
 W - a +4 executioner's axe of venom
 X - a +5 antimagic battleaxe
Missiles
 n - 6 throwing nets (quivered)
 O - 7 curare-tipped needles
Armour
 x - the +3 hat of Pondering (worn) {ponderous, MR+ MP+10 Int+5}
   (You took it off Gastronok in the Dungeon)

   It affects your intelligence (+5).
   It affects your resistance to hostile enchantments.
   It affects your magic capacity (+10).
 F - a +0 cloak (worn)
 Q - a +1 pair of gloves of archery (worn)
 S - a +0 pair of boots (worn)
 U - +0 gold dragon scales (worn)
Jewellery
 q - a ring of the Octopus King {rCorr AC+1 EV+1 Str+1 Int+1 Dex+1}
   (You found it in the Dungeon)

   [ring of resist corrosion]

   It affects your AC (+1).
   It affects your evasion (+1).
   It affects your strength (+1).
   It affects your intelligence (+1).
   It affects your dexterity (+1).
 C - a +4 amulet of reflection
 D - the ring "Hirog" {Ice rElec Str+7 Int+5}
   (You took it off a vault guard in the Dungeon)

   [ring of ice]

   It enhances your ice magic.
   It affects your strength (+7).
   It affects your intelligence (+5).
   It makes you vulnerable to fire.
   It protects you from cold.
   It insulates you from electricity.
 G - a ring of protection from fire (right hand)
 R - the amulet of Talashee {Faith rPois Str+7 Int-4, unknown}
   (You found it in the Dungeon)

   [amulet of faith]

   It allows you to gain divine favour quickly.
   It affects your strength (+7).
   It affects your intelligence (-4).
   It protects you from poison.
 V - a ring of flight (left hand)
 Z - the amulet of Bokyaca (around neck) {RegenMP rElec Slay+2}
   (You found it in the Dungeon)

   [amulet of magic regeneration]

   It increases your magic regeneration.
   It affects your accuracy and damage with ranged weapons and melee attacks
   (+2).
   It insulates you from electricity.
Wands
 r - a wand of scattershot (5)
 u - a wand of iceblast (10)
Scrolls
 i - a scroll of blinking
 k - a scroll of holy word {unknown}
 l - 6 scrolls of remove curse
 m - a scroll of torment {unknown}
 v - a scroll of fear
 y - 3 scrolls of identify
 E - a scroll of magic mapping {unknown}
 I - 6 scrolls of enchant weapon
 L - 2 scrolls of fog {unknown}
 M - a scroll of acquirement
 T - 4 scrolls of silence {unknown}
Potions
 e - a potion of heal wounds
 f - 3 potions of haste
 g - 2 potions of magic
 h - a potion of berserk rage
 j - 5 potions of mutation {unknown}
 o - 2 potions of invisibility {unknown}
 p - 6 potions of flight
 z - a potion of lignification
 A - 2 potions of cancellation {unknown}
 H - 5 potions of curing
 Y - a potion of might
Books
 J - a manual of Crossbows
 N - a book of Annihilations

   Spells                             Type                      Level
   a - Poison Arrow                   Conjuration/Poison           6
   b - Chain Lightning                Conjuration/Air              8
   c - Lehudib's Crystal Spear        Conjuration/Earth            8
   d - Glaciate                       Conjuration/Ice              9
   e - Fire Storm                     Conjuration/Fire             9
   Trog disapproves of the use of such an item.
Miscellaneous
 d - a fan of gales
 s - a phantom mirror
 K - a lamp of fire
 P - a lightning rod (4/4)
Comestibles
 c - 13 rations


   Skills:
 O Level 27 Fighting
 O Level 27 Axes
 O Level 27 Armour
 O Level 27 Dodging
 + Level 12.7 Stealth
 O Level 27 Evocations


You had 17 spell levels left.
You didn't know any spells.

Dungeon Overview and Level Annotations

Branches:
Dungeon (1/1)

Altars:
Cheibriados
Dithmenos
Elyvilon
Fedhas
Gozag
Hepliaklqana
Kikubaaqudgha
Makhleb
Nemelex Xobeh
Okawaru
Qazlal
Ru
Sif Muna
Trog
Uskayaw
Vehumet
Wu Jian
Xom
Yredelemnul
Zin
The Shining One
Beogh
Jiyva
Lugonu

Shops:
D ?:(%(=!!!}!}[%:(}?!*[=?}

Annotations:
D Ereshkigal


Innate Abilities, Weirdness & Mutations

You reflexively headbutt those who attack you in melee.
You have a pair of horns on your head.


Message History

Your deep troll closely misses Ereshkigal.
There is an open door here.
You see here a glowing battleaxe {god gift}.
Ereshkigal gestures.
The hellion completely misses you. You furiously retaliate!
You headbutt the hellion, but do no damage.
Send 'em back where they came from!
Trog shields your ally from puny magic! The hellion misses you.
The hellion completely misses you.
There is a large open door here.
The hellion completely misses you. You furiously retaliate!
You headbutt the hellion!! The hellion gestures at you.
The sphere of damnation explodes!
The damnation engulfs you!
* * * LOW HITPOINT WARNING * * *
You see here a silver bolt.
The hellion gestures at you.
The sphere of damnation explodes!
The damnation engulfs you!
You die...

≈≈≈≈≈≈▓#∩.####################.#.
...≈≈≈▓#∩...........##.#.#.#.#§§§
.∩..≈≈▓##...........##........§.§
▓▓▓▓▓▓▓ ##############......§....
#################'########
#(((.((≈(#...###...##)#≈≈≈
#≈((..§§§#§§.##.....##)#.≈
#....§§§§#§###.......###..
#(..§§§§§@§§)'..)....'....
#..§§§§&2#§###.[.....#####
#≈)§§§§§§#§§≈##.....##...#
#(≈§§§§§§#'#'###...###.#..
####§§####.#.# ##'####.##.
#..§§§&§§#'#####.≈≈≈+#.##.
###############§#..'∩∩#.≈≈.#..##.
§§§§§§§#§§§# ##§####∩∩#.≈≈.######
§§§§§§§#§.§###§§§###..#..≈.# +≈⌠


You could see Ereshkigal and a hellion.

Vanquished Creatures
  Gloorx Vloq (D)
  Mennas (D)
  2 greater mummies (D)
  Boris (D)
  Frederick (D)
  Sigmund (D)
  3 golden dragons (D)
  Geryon (D)
  Nikola (D)
  5 bone dragons (D)
  3 deep elf blademasters (D)
  A lich (D)
  2 quicksilver dragons (D)
  A kraken (D)
  A sphinx (D)
  An ancient champion (D)
  An Executioner (D)
  3 shadow dragons (D)
  Chuck (D)
  Gastronok (D)
  A storm dragon (D)
  Roxanne (D)
  4 azure jellies (D)
  A nagaraja (D)
  A fire giant (D)
  A ghost moth (D)
  3 stone giants (D)
  5 vampire knights (D)
  Nessos (D)
  2 deep elf annihilators (D)
  2 deep elf demonologists (D)
  2 dire elephants (D)
  2 mummy priests (D)
  A deep elf death mage (D)
  2 yaktaur captains (D)
  Josephine (D)
  A fire dragon (D)
  A deep elf high priest (D)
  An ogre mage (D)
  2 hell beasts (D)
  A naga warrior (D)
  16 vault guards (D)
  2 anacondas (D)
  2 hydras (D)
  3 centaur warriors (D)
  4 dancing weapons (D)
  3 alligator snapping turtles (D)
  4 death yaks (D)
  Urug (D)
  2 soul eaters (D)
  3 titan zombies (D)
  2 sun demons (D)
  5 skeletal warriors (D)
  2 deep elf knights (D)
  A spriggan druid (D)
  A death drake (D)
  A shadow wraith (D)
  An unseen horror (D)
  2 anaconda zombies (D)
  2 spectral iron dragons (D)
  An orange crystal statue (D)
  An orc knight (D)
  An obsidian statue (D)
  2 oklob plants (D)
  6 deep elf magi (D)
  A lindwurm (D)
  4 ugly things (D)
  3 crystal guardians (D)
  14 slime creatures (D)
  An elephant (D)
  A guardian serpent (D)
  7 black mambas (D)
  An iron troll simulacrum (D)
  7 statues (D)
  2 spiny frogs (D)
  Edmund (D)
  A komodo dragon (D)
  A rime drake (D)
  A small abomination (D)
  8 yaktaurs (D)
  5 guardian mummies (D)
  3 wandering mushrooms (D)
  2 ice devils (D)
  2 tyrant leeches (D)
  4 spriggan defenders (D)
  A slime creature (shapeshifter) (D)
  3 hornets (D)
  8 blink frogs (D)
  3 snapping turtles (D)
  3 redbacks (D)
  2 spriggans (D)
  9 shadows (D)
  A golden eye (D)
  A spatial vortex (D)
  2 nagas (D)
  A floating eye (D)
  4 water moccasins (D)
  A swamp drake (D)
  A necrophage (D)
  2 black mamba simulacra (D)
  2 centaurs (D)
  An earth elemental (D)
  A water elemental (D)
  A scorpion (D)
  31 killer bees (D)
  4 electric eels (D)
  A jelly (D)
  9 quasits (D)
  2 orc priests (D)
  A wizard (D)
  Jessica (D)
  5 necromancers (D)
  2 wolf simulacra (D)
  A kobold demonologist (D)
  3 humans (D)
  3 adders (D)
  7 orcs (D)
  A bat zombie (D)
  3 rats (D)
  6 butterflies (D)
  20 plants (D)
  2 tentacles (D)
354 creatures vanquished.

Vanquished Creatures (collateral kills)
  the Serpent of Hell (D)
  Mara (D)
  2 greater mummies (D)
  A Brimstone Fiend (D)
  Rupert (D)
  A sphinx (D)
  2 ghost moths (D)
  2 vampire knights (D)
  A yellow draconian (D)
  A vault guard (D)
  A glowing orange brain (D)
  An obsidian statue (D)
  An orc knight (D)
  A shining eye (D)
  A crystal guardian (D)
  An elephant (D)
  A molten gargoyle (D)
  A guardian mummy (D)
  A queen bee (D)
  3 shadows (D)
  4 orc warriors (D)
  A killer bee (D)
  A quasit (D)
  2 orc wizards (D)
  3 orcs (D)
  A butterfly (D)
  A plant (D)
  A tentacle (D)
39 creatures vanquished.

Vanquished Creatures (others)
  2 draconian scorchers (D)
  6 hellions (D)
  3 yaktaurs (D)
  A statue (D)
  An orc high priest (D)
  3 orc priests (D)
  A bush (D)
  18 plants (D)
  A tentacle (D)
36 creatures vanquished.

Grand Total: 429 creatures vanquished

Notes
Turn   | Place    | Note
-------+----------+-------------------------------------------
     0 | D        | wojtek the Minotaur Berserker began the quest for the Orb.
     0 | D        | Reached XP level 1. HP: 19/19 MP: 0/0
    10 | D        | Noticed Jessica
    12 | D        | Reached ** piety under Trog
    15 | D        | Killed Jessica
    15 | D        | Reached skill level 5 in Axes
    15 | D        | Reached XP level 2. HP: 6/28 MP: 1/1
   108 | D        | Killed a hellion
   129 | D        | Killed a yaktaur
   144 | D        | Killed a hellion
   161 | D        | Killed a white draconian scorcher
   190 | D        | Killed a hellion
   190 | D        | Killed a hellion
   221 | D        | Killed a white draconian scorcher
   262 | D        | Killed a hellion
   270 | D        | Reached skill level 5 in Fighting
   270 | D        | Reached XP level 3. HP: 36/36 MP: 2/2
   285 | D        | Killed a hellion
   325 | D        | Noticed a scorpion
   336 | D        | Killed a scorpion
   336 | D        | Reached *** piety under Trog
   336 | D        | Reached skill level 5 in Armour
   336 | D        | Reached XP level 4. HP: 44/44 MP: 3/3
   378 | D        | Noticed a water elemental
   383 | D        | Killed a water elemental
   383 | D        | Reached skill level 5 in Dodging
   383 | D        | Reached XP level 5. HP: 35/51 MP: 4/4
   490 | D        | Found a radiant altar of Vehumet.
   491 | D        | Found a deep blue altar of Sif Muna.
   491 | D        | Found an ancient bone altar of Kikubaaqudgha.
   497 | D        | Reached **** piety under Trog
   778 | D        | Found a glowing silver altar of Zin.
   779 | D        | Found a glowing golden altar of the Shining One.
   779 | D        | Found a white marble altar of Elyvilon.
   779 | D        | Noticed a deep elf mage
   785 | D        | Noticed a fire elemental
   785 | D        | Noticed a fire elemental
   787 | D        | Killed a deep elf mage
   787 | D        | Reached ***** piety under Trog
   787 | D        | Reached XP level 6. HP: 5/63 MP: 5/5
   787 | D        | Reached XP level 7. HP: 6/70 MP: 6/6
  1092 | D        | Found a hide-covered altar of Uskayaw.
  1092 | D        | Found an iron altar of Okawaru.
  1093 | D        | Found a roughly hewn altar of Beogh.
  1093 | D        | Found a bloodstained altar of Trog.
  1093 | D        | Found an ornate altar of the Wu Jian Council.
  1093 | D        | Noticed a human
  1093 | D        | Noticed a human
  1103 | D        | Killed a human
  1107 | D        | Killed a human
  1344 | D        | Found a shadowy altar of Dithmenos.
  1349 | D        | Reached skill level 10 in Fighting
  1351 | D        | Received a gift from Trog
  1351 | D        | Reached XP level 8. HP: 77/79 MP: 7/7
  1352 | D        | Found a basalt altar of Yredelemnul.
  1352 | D        | Found a sacrificial altar of Ru.
  1359 | D        | Got a smoking rapier {god gift}
  1360 | D        | Identified the +4 rapier of Ysaps {pierce, rN+ Int+4} (Trog gifted it to you in the Dungeon)
  1368 | D        | Reached skill level 10 in Armour
  1416 | D        | Found a blossoming altar of Fedhas.
  1416 | D        | Found a stormy altar of Qazlal.
  1416 | D        | Found a snail-covered altar of Cheibriados.
  1416 | D        | Found a burning altar of Makhleb.
  1416 | D        | Found a shimmering altar of Xom.
  1417 | D        | Found a hazy altar of Hepliaklqana.
  1417 | D        | Found an opulent altar of Gozag.
  1417 | D        | Found a sparkling altar of Nemelex Xobeh.
  1417 | D        | Found a corrupted altar of Lugonu.
  1417 | D        | Found a viscous altar of Jiyva.
  1490 | D        | Noticed Josephine
  1500 | D        | Killed Josephine
  1500 | D        | Reached skill level 15 in Axes
  1500 | D        | Reached skill level 10 in Dodging
  1500 | D        | Reached XP level 9. HP: 87/89 MP: 8/8
  1664 | D        | Found Goner's Food Shoppe.
  1736 | D        | Reached ****** piety under Trog
  1740 | D        | Received a gift from Trog
  1782 | D        | Found a roughly hewn altar of Beogh.
  1906 | D        | Noticed a centaur warrior
  1914 | D        | Killed a centaur warrior
  1916 | D        | Received a gift from Trog
  2067 | D        | Killed an unseen horror
  2209 | D        | Noticed a queen bee
  2234 | D        | Received a gift from Trog
  2234 | D        | Reached XP level 10. HP: 9/100 MP: 9/9
  2581 | D        | Received a gift from Trog
  2582 | D        | Received a gift from Trog
  2891 | D        | Received a gift from Trog
  3093 | D        | Received a gift from Trog
  3226 | D        | Noticed a spiny frog
  3226 | D        | Noticed a spiny frog
  3232 | D        | Killed a spiny frog
  3241 | D        | Killed a spiny frog
  3525 | D        | Received a gift from Trog
  3675 | D        | Reached XP level 11. HP: 96/111 MP: 3/10
  3724 | D        | Noticed Rupert
  3730 | D        | Killed Rupert
  3750 | D        | Noticed a dire elephant
  3770 | D        | Killed a dire elephant
  3770 | D        | Received a gift from Trog
  3770 | D        | Reached skill level 15 in Fighting
  3845 | D        | Noticed a dire elephant
  3845 | D        | Noticed Gastronok
  3856 | D        | Killed a dire elephant
  3856 | D        | Reached skill level 15 in Armour
  3922 | D        | Killed Gastronok
  3965 | D        | Noticed an azure jelly
  3966 | D        | Noticed an azure jelly
  3966 | D        | Noticed an azure jelly
  3968 | D        | Noticed an azure jelly
  3983 | D        | Noticed a death yak
  3984 | D        | Noticed a death yak
  4009 | D        | Killed a death yak
  4026 | D        | Noticed a death yak
  4027 | D        | Noticed a death yak
  4035 | D        | Killed a death yak
  4038 | D        | Killed a death yak
  4040 | D        | Received a gift from Trog
  4044 | D        | Killed a death yak
  4044 | D        | Reached XP level 12. HP: 45/122 MP: 11/11
  4341 | D        | Reached skill level 15 in Dodging
  4346 | D        | Noticed a kraken
  4354 | D        | Killed a kraken
  4354 | D        | Received a gift from Trog
  4551 | D        | Noticed an alligator snapping turtle
  4551 | D        | Noticed an alligator snapping turtle
  4565 | D        | Killed an alligator snapping turtle
  4569 | D        | Killed an alligator snapping turtle
  4986 | D        | Found Zatin's Magic Scroll Shoppe.
  4986 | D        | Found Vunwu's Book Boutique.
  4986 | D        | Found Hunual's Antique Weapon Shop.
  4986 | D        | Noticed an alligator snapping turtle
  5005 | D        | Killed an alligator snapping turtle
  5230 | D        | Bought a scroll of identify for 28 gold pieces
  5230 | D        | Bought a scroll of fear for 49 gold pieces
  5232 | D        | Got a barnacled rune of Zot
  5300 | D        | Received a gift from Trog
  5657 | D        | Noticed Urug
  5661 | D        | Killed Urug
  5661 | D        | Received a gift from Trog
  5665 | D        | Got a faintly glowing great sword {god gift}
  5666 | D        | Identified the +7 great sword of Unpleasantness {freeze, +Fly rElec Dex-2 Stlth-} (Trog gifted it to you in the Dungeon)
  5762 | D        | Noticed an eight-headed hydra
  5762 | D        | Noticed a seven-headed hydra
  5771 | D        | Killed an 11-headed hydra
  5774 | D        | Killed a ten-headed hydra
  6073 | D        | Found a blossoming altar of Fedhas.
  6075 | D        | Paralysed by a spriggan for 3 turns
  6107 | D        | Noticed an anaconda
  6111 | D        | Killed an anaconda
  6114 | D        | Received a gift from Trog
  6135 | D        | Noticed an anaconda
  6141 | D        | Killed an anaconda
  6142 | D        | Reached XP level 13. HP: 130/134 MP: 12/12
  6164 | D        | Received a gift from Trog
  6241 | D        | Noticed a nagaraja
  6257 | D        | Killed a nagaraja
  6268 | D        | Received a gift from Trog
  6466 | D        | Found Niudisuc's Antique Weapon Shop.
  6466 | D        | Found Nato Vij's Jewellery Shoppe.
  6468 | D        | Found Moxzer's Distillery.
  6485 | D        | Got a serpentine rune of Zot
  6497 | D        | Bought a potion of curing for 42 gold pieces
  6500 | D        | Bought an uncursed ring of protection from cold for 350 gold pieces
  6706 | D        | Killed a ghost moth
  6818 | D        | Noticed Sigmund
  6818 | D        | Noticed Edmund
  6834 | D        | Killed Sigmund
  6834 | D        | Received a gift from Trog
  6840 | D        | Killed Edmund
  7455 | D        | Found Arona's Magic Scroll Emporium.
  7455 | D        | Found Tan Weqy's General Store.
  7455 | D        | Found Egietuw's Antique Weapon Boutique.
  7455 | D        | Found Hagih's Gadget Shoppe.
  7455 | D        | Found Nucezav's Gadget Boutique.
  7455 | D        | Found Xunanturch's Distillery.
  7455 | D        | Found Opevett's Book Shoppe.
  7455 | D        | Found Vowky's Magic Scroll Shop.
  7455 | D        | Found Qyfuquoff's Food Shop.
  7455 | D        | Found Wodoijig's Jewellery Emporium.
  7455 | D        | Found Ryikaah's Antique Armour Emporium.
  7455 | D        | Found Kecol's Armour Boutique.
  7722 | D        | Received a gift from Trog
  7727 | D        | Received a gift from Trog
  8132 | D        | Found Gepeti's Distillery.
  8132 | D        | Found Igequll's Distillery.
  8132 | D        | Found Lyguts's Gadget Shop.
  8132 | D        | Found Zyofok's Gadget Shoppe.
  8169 | D        | Received a gift from Trog
  8197 | D        | Noticed a mummy priest
  8201 | D        | Killed a mummy priest
  8455 | D        | Found Heecul's Distillery.
  8483 | D        | Received a gift from Trog
  8486 | D        | Reached XP level 14. HP: 147/147 MP: 13/13
  8570 | D        | Noticed an Executioner
  8572 | D        | Killed an Executioner
  8572 | D        | Received a gift from Trog
  8586 | D        | Noticed Nessos
  8595 | D        | Killed Nessos
  8867 | D        | Noticed a deep elf blademaster
  8867 | D        | Noticed a deep elf blademaster
  8875 | D        | Killed a deep elf blademaster
  8875 | D        | Received a gift from Trog
  8886 | D        | Killed a deep elf blademaster
  8927 | D        | Got a translucent battleaxe {god gift}
  8928 | D        | Identified the +13 battleaxe of Xiorydeq {freeze, rF+ rC+ Str+3} (Trog gifted it to you in the Dungeon)
  9306 | D        | Reached skill level 27 in Axes
  9309 | D        | Received a gift from Trog
  9456 | D        | Received a gift from Trog
  9463 | D        | Got an encrusted battleaxe {god gift}
  9466 | D        | Identified the +4 battleaxe of Qudorizi {chop, rF+ rC+ MR+} (Trog gifted it to you in the Dungeon)
  9584 | D        | Noticed Chuck
  9702 | D        | Bought a potion of flight for 42 gold pieces
  9763 | D        | Killed Chuck
  9777 | D        | Got a crude falchion
  9841 | D        | Noticed Frederick
  9854 | D        | Killed Frederick
  9854 | D        | Received a gift from Trog
  9925 | D        | Noticed a lich
  9929 | D        | Killed a lich
  9949 | D        | Noticed a shadow dragon
  9949 | D        | Noticed a shadow dragon
  9951 | D        | Received a gift from Trog
  9969 | D        | Killed a shadow dragon
  9970 | D        | Killed a shadow dragon
  9973 | D        | Received a gift from Trog
  9973 | D        | Reached XP level 15. HP: 34/162 MP: 14/14
 10473 | D        | Noticed a golden dragon
 10499 | D        | Received a gift from Trog
 10541 | D        | Noticed a quicksilver dragon
 10547 | D        | Killed a quicksilver dragon
 10587 | D        | Noticed a quicksilver dragon
 10595 | D        | Killed a quicksilver dragon
 10601 | D        | Received a gift from Trog
 10751 | D        | Killed a golden dragon
 11000 | D        | Noticed a golden dragon
 11007 | D        | Killed a golden dragon
 11076 | D        | Received a gift from Trog
 11100 | D        | Noticed a golden dragon
 11100 | D        | Noticed a shadow dragon
 11110 | D        | Killed a golden dragon
 11120 | D        | Killed a shadow dragon
 11260 | D        | Received a gift from Trog
 11384 | D        | Got a scorched platinum ring
 11385 | D        | Noticed a fire giant
 11390 | D        | Killed a fire giant
 11390 | D        | Received a gift from Trog
 11495 | D        | Received a gift from Trog
 11502 | D        | Got a silver rune of Zot
 11517 | D        | Identified the +6 falchion "Duceryq" {slice, rElec rPois rN+ Str-5} (You found it in the Dungeon)
 11674 | D        | Received a gift from Trog
 11920 | D        | Noticed a bone dragon
 11925 | D        | Killed a bone dragon
 11925 | D        | Reached XP level 16. HP: 180/180 MP: 15/15
 11927 | D        | Noticed a bone dragon
 11934 | D        | Killed a bone dragon
 11960 | D        | Noticed a bone dragon
 11967 | D        | Killed a bone dragon
 11967 | D        | Received a gift from Trog
 11987 | D        | Paralysed by a vampire knight for 6 turns
 12165 | D        | Noticed a bone dragon
 12169 | D        | Killed a bone dragon
 12169 | D        | Received a gift from Trog
 12177 | D        | Reached skill level 27 in Fighting
 12185 | D        | Reached skill level 27 in Armour
 12220 | D        | Received a gift from Trog
 12226 | D        | Noticed a bone dragon
 12235 | D        | Killed a bone dragon
 12288 | D        | Noticed a sphinx
 12288 | D        | Noticed a sphinx
 12300 | D        | Killed a sphinx
 12301 | D        | Killed a sphinx
 12301 | D        | Received a gift from Trog
 12672 | D        | Noticed Boris
 12681 | D        | Killed Boris
 12681 | D        | Reached skill level 27 in Dodging
 12693 | D        | Received a gift from Trog
 12823 | D        | Noticed Mennas
 12848 | D        | Killed Mennas
 13354 | D        | Received a gift from Trog
 13415 | D        | Noticed Roxanne
 13433 | D        | Killed Roxanne
 13584 | D        | Received a gift from Trog
 13626 | D        | Identified the ring "Hirog" {Ice rElec Str+7 Int+5} (You took it off a vault guard in the Dungeon)
 13634 | D        | Noticed a deep elf blademaster
 13639 | D        | Reached skill level 15 in Evocations
 13641 | D        | Received a gift from Trog
 13646 | D        | Killed a deep elf blademaster
 13910 | D        | Noticed a Hell Sentinel
 13928 | D        | Found the +3 giant club "Skullcrusher" {speed, Str+7}
 13933 | D        | Got a sparkling brass amulet
 13947 | D        | Got a faintly humming chain mail
 13970 | D        | Identified the amulet of Bokyaca {RegenMP rElec Slay+2} (You found it in the Dungeon)
 14000 | D        | Identified the +6 chain mail of Ryasis {rC+} (You found it in the Dungeon)
 14162 | D        | Noticed Nikola
 14162 | D        | Noticed a storm dragon
 14170 | D        | Killed a storm dragon
 14170 | D        | Received a gift from Trog
 14170 | D        | Reached XP level 17. HP: 187/191 MP: 28/28
 14174 | D        | Killed Nikola
 14204 | D        | Received a gift from Trog
 14214 | D        | Got a crude battleaxe {god gift}
 14215 | D        | Identified the +11 battleaxe of the Reaper {venom, MR+ Str+3} (Trog gifted it to you in the Dungeon)
 14273 | D        | Noticed Mara
 14278 | D        | Received a gift from Trog
 14287 | D        | Killed Mara
 14303 | D        | Received a gift from Trog
 14464 | D        | Bought a scroll of identify for 28 gold pieces
 14464 | D        | Bought a scroll of identify for 28 gold pieces
 14464 | D        | Bought a scroll of enchant weapon for 105 gold pieces
 14878 | D        | Received a gift from Trog
 14914 | D        | Noticed Geryon
 14934 | D        | Received a gift from Trog
 14964 | D        | Killed Geryon
 14964 | D        | Received a gift from Trog
 15336 | D        | Noticed the Serpent of Hell
 15337 | D        | Noticed a Brimstone Fiend
 15349 | D        | Killed the Serpent of Hell
 15351 | D        | Killed a Brimstone Fiend
 15446 | D        | Found the ring of the Octopus King
 15446 | D        | Got a ring of the Octopus King
 15453 | D        | Got a shimmering battleaxe
 15453 | D        | Got a steaming battleaxe
 15456 | D        | Got an obsidian rune of Zot
 15482 | D        | Identified a ring of the Octopus King {rCorr AC+1 EV+1 Str+1 Int+1 Dex+1} (You found it in the Dungeon)
 15485 | D        | Identified the +8 battleaxe of Division {elec, Dex+4} (You found it in the Dungeon)
 15487 | D        | Identified the +5 battleaxe of Arbitration {flame, Str+2 Dex+3} (You found it in the Dungeon)
 15510 | D        | Got a slimy ruby amulet
 15566 | D        | Noticed Gloorx Vloq
 15571 | D        | Received a gift from Trog
 15585 | D        | Killed Gloorx Vloq
 16056 | D        | Noticed a greater mummy
 16064 | D        | Killed a greater mummy
 16104 | D        | Noticed a greater mummy
 16121 | D        | Killed a greater mummy
 16121 | D        | Reached skill level 27 in Evocations
 16253 | D        | Received a gift from Trog
 16259 | D        | Reached XP level 18. HP: 200/200 MP: 34/34
 16274 | D        | Received a gift from Trog
 16278 | D        | Noticed a greater mummy
 16280 | D        | Noticed a greater mummy
 16283 | D        | Noticed Ereshkigal
 16283 | D        | Reached skill level 10 in Stealth
 16284 | D        | Paralysed by Ereshkigal for 4 turns
 16286 | D        | Killed a greater mummy
 16286 | D        | Received a gift from Trog
 16289 | D        | Killed a greater mummy
 16338 | D        | Killed from afar by a hellion

Skill      XL: |  1  2  3  4  5  6  7  8  9 10 11 12 13 14 15 16 17 18 |
---------------+-------------------------------------------------------+-----
Axes           | 5 6 7 8 12 13 15 16 19 21 23 26 27 | 27.0
Fighting       | 4 5 6 9 10 11 12 14 16 17 19 22 26 27 | 27.0
Armour         | 3 4 5 8 9 11 12 14 16 17 19 22 26 27 | 27.0
Dodging        | 3 4 5 8 10 11 13 14 16 18 21 24 27 | 27.0
Evocations     | 17 27 | 27.0
Stealth        | 7 12 | 12.7

Action                   |  1- 3 |  4- 6 |  7- 9 | 10-12 | 13-15 | 16-18 || total
-------------------------+-------+-------+-------+-------+-------+-------++-------
Melee: Hand axe          |    14 |    10 |   111 |       |       |       ||   135
       Headbutt          |     2 |     1 |    30 |    59 |   117 |   110 ||   319
       Battleaxe         |       |       |       |   125 |   285 |   339 ||   749
       Executioner's axe |       |       |       |   122 |   146 |       ||   268
 Fire: Blowgun           |       |       |       |       |       |     3 ||     3
Invok: Berserk           |     2 |     2 |     4 |     6 |     3 |       ||    17
       Burn Spellbooks   |       |     1 |       |       |     1 |     4 ||     6
       Brothers in Arms  |       |       |     4 |     4 |     6 |    12 ||    26
       Trog's Hand       |       |       |       |       |       |     5 ||     5
 Abil: Evoke Flight      |       |       |       |       |       |     6 ||     6
  Use: Potion            |       |       |       |     2 |     2 |     1 ||     5
       Scroll            |       |       |       |       |       |     6 ||     6
 Stab: Distracted        |       |       |       |       |     1 |     1 ||     2
  Eat: Ration            |       |     1 |     2 |     2 |     4 |     6 ||    15
       Chunk             |       |       |     2 |    13 |    10 |     2 ||    27
Armor: Animal skin       |     1 |     3 |     1 |       |       |       ||     5
       Plate armour      |       |       |    27 |    89 |   120 |       ||   236
       Gold dragon scale |       |       |       |       |    42 |   259 ||   301
Dodge: Dodged            |     4 |     4 |    43 |   150 |   203 |   299 ||   703
